 Dungeon Crawl Stone Soup version 0.30-a0-949-g53dc5368d7 (webtiles) character file.

Game seed: 6027854486192875400

95 mopl the Digger (level 4, 0/24 HPs)
             Began as a Deep Elf Earth Elementalist on Mar 27, 2023.
             Slain by an ogre
             ... wielding a +0 giant club
              (24 damage)
             ... on level 4 of the Dungeon.
             The game lasted 00:03:02 (1851 turns).

mopl the Digger (Deep Elf Earth Elementalist)       Turns: 1851, Time: 00:03:03

Health: 0/24       AC:  2    Str:  5    XL:     4   Next: 40%
Magic:  8/12       EV: 12    Int: 22    God:
Gold:   149        SH:  0    Dex: 15    Spells: 8/11 levels left

rFire   . . .      SeeInvis .    (no weapon)
rCold   . . .      Faith    .    (no shield)
rNeg    . . .      Spirit   .    a - +0 robe
rPois   .          Reflect  .    (no helmet)
rElec   .          Rampage  .    (no cloak)
rCorr   .                        (no gloves)
Will    .....                    (no boots)
Stlth   ++                       c - amulet of the acrobat
HPRegen 0.24/turn                (no ring)
MPRegen 0.13/turn                (no ring)

@: no status effects
A: no striking features
a: no special abilities


You were on level 4 of the Dungeon.
You visited 1 branch of the dungeon, and saw 4 of its levels.

You collected 149 gold pieces.

Inventory:

Missiles
 n - 2 poisoned darts
Armour
 a - a +0 robe (worn)
Jewellery
 c - an amulet of the acrobat (around neck)
Wands
 l - a wand of flame (22)
Scrolls
 e - 2 scrolls of identify {unknown}
 f - a scroll of immolation {unknown}
 g - 3 scrolls of noise {unknown}
 h - a scroll of vulnerability {unknown}
 j - 4 scrolls of teleportation {unknown}
 k - a scroll of enchant armour {unknown}
 o - a scroll of blinking {unknown}
Potions
 b - a potion of magic
 d - 3 potions of haste {unknown}
 i - a potion of mutation {unknown}
 m - a potion of flight {unknown}
 p - a potion of lignification {unknown}


   Skills:
 - Level 2.4 Dodging
 + Level 3.6 Stealth
 + Level 4.0 Spellcasting
 + Level 2.5 Transmutations
 + Level 4.0 Earth Magic


You had 8 spell levels left.
You knew the following spells:

 Your Spells              Type           Power      Damage    Failure   Level
a - Sandblast             Erth           44%        2d11      1%          1
p - Passwall              Tmut/Erth      15%        N/A       4%          2

Your spell library contained the following spells:

 Spells                   Type           Power      Damage    Failure   Level
 Stone Arrow              Conj/Erth      26%        3d8       14%         3
 Petrify                  Tmut/Erth      18%        N/A       28%         4


Dungeon Overview and Level Annotations

Branches:
Dungeon (4/15)
 Temple: D:4-7

Altars:
Qazlal


Message History

Found a cyan potion.
Found a stone staircase leading down.
There is a stone staircase leading up here.
A kobold is nearby!
The blast of sand hits the kobold.
You kill the kobold!
You can't see any susceptible monsters within range! (Use Z to cast anyway.)
p - a cyan potion
Found a stone staircase leading down.
There is a stone staircase leading down here.
d - 3 blue potions (gained 1)
Found 6 stones.
You see here 6 stones.
A kobold comes into view. It is wielding a +0 short sword.
Found 6 stones.
A kobold is nearby!
The blast of sand hits the kobold!
You kill the kobold!
You can't see any susceptible monsters within range! (Use Z to cast anyway.)
A hobgoblin comes into view.
The hobgoblin shouts!
You can't see any susceptible monsters within range! (Use Z to cast anyway.)
The blast of sand hits the hobgoblin.
You kill the hobgoblin!
You can't see any susceptible monsters within range! (Use Z to cast anyway.)
A gnoll comes into view. It is wielding a +0 club.
A sourceless malevolence fills the Dungeon... and a teleportation trap spontaneously manifests!
You are yanked towards a nearby monster!
Your surroundings suddenly seem different.
An ogre comes into view. It is wielding a +0 giant club.
Found a viscous pink potion.
The gnoll moves out of view.
The blast of sand hits the ogre!
The ogre is moderately wounded.
The ogre shouts!
The blast of sand hits the ogre!
The ogre is heavily wounded.
The blast of sand hits the ogre.
The ogre is severely wounded.
The ogre hits you with a +0 giant club!!
Ouch! That really hurt!
You die...

#.#..
....##
....#
#...#
#...#
#...#
#...#
###!..#
#....@#
#.##.O#
# #..#
#..#
...#
#####


You could see an ogre.

Vanquished Creatures
  An orc priest (D:3)
  An adder (D:3)
  A dart slug (D:1)
  3 orcs (D:3)
  4 ball pythons
  6 endoplasms
  3 giant cockroaches (D:1)
  8 goblins
  3 hobgoblins
  2 quokkas
  4 bats
  4 frilled lizards
  6 kobolds
  4 rats
50 creatures vanquished.

Notes
Turn   | Place    | Note
-------+----------+-------------------------------------------
     0 | D:1      | mopl the Deep Elf Earth Elementalist began the quest for
                  | the Orb.
     0 | D:1      | Reached XP level 1. HP: 10/10 MP: 6/6
    61 | D:1      | Reached XP level 2. HP: 7/15 MP: 0/8
   153 | D:1      | Learned a level 2 spell: Passwall
   309 | D:1      | Reached skill level 3 in Stealth
   433 | D:1      | Reached XP level 3. HP: 19/19 MP: 8/10
   529 | D:2      | You fall into a shaft and drop 1 floor!
   536 | D:3      | Reached skill level 2 in Transmutations
   573 | D:3      | Found a stormy altar of Qazlal.
   695 | D:3      | Reached XP level 4. HP: 24/24 MP: 8/11
   709 | D:3      | Reached skill level 4 in Earth Magic
  1333 | D:3      | Reached skill level 4 in Spellcasting
  1846 | D:4      | Noticed an ogre
  1851 | D:4      | Slain by an ogre

Illustrated notes

Levels and vault maps discovered:
D:1:      minmay_arrival_solitary_statue, layout_rooms, minmay_tiny_reverse_x
D:2:      layout_basic, minivault_25
D:3:      layout_loops_ring, mainiacjoe_overflow_chevrons,
          chequers_serial_rivers_micro_e
D:4:      layout_loops_ring, ebering_ghost_inner_flame

Skill      XL: |  1  2  3  4 |
---------------+-------------+-----
Stealth        | 3 |  3.6
Transmutations | 2 |  2.5
Earth Magic    | 4 |  4.0
Spellcasting   | 4 |  4.0
Dodging        | |  2.4

Action                     |  1- 3 |  4- 6 || total
---------------------------+-------+-------++-------
   Cast: Sandblast         |    42 |    22 ||    64
 Armour: Robe              |     5 |       ||     5
  Dodge: Dodged            |    20 |     1 ||    21

Table legend: (Time is in decaauts)
 A = Elapsed time spent in this place.
 B = Non-inter-level travel time spent in this place.
 C = Inter-level travel time spent in this place.
 D = Time resting spent in this place.
 E = Time spent auto-exploring this place.
 F = Levels seen in this place.
 G = Mean time per level.
                   A        B        C        D        E       F      G
               +--------+--------+--------+--------+--------+-----+--------+
         Total |   1881 |   1834 |     47 |     56 |   1460 |   4 |  470.2 |
       Dungeon |   1881 |   1834 |     47 |     56 |   1460 |   4 |  470.2 |
               +--------+--------+--------+--------+--------+-----+--------+

Top non-repeatable levels by time:
     D:3: 687 daAuts
     D:2: 635 daAuts
     D:1: 482 daAuts
     D:4: 76 daAuts
